cohdb
Replays
Latest Replays
All Replays
Popular Replays
Top Player Replays
Match Explorer
How It Works
Community
CoH3 Stats
Reddit
Sign in to upload your games and track your stats! →
Sign in with Steam
Match 42723122
Unlisted
Match 42723122
Overview
Messages
Build Orders
End
Royal Engineer Section
Construct Section Command Post
Selects Indian Artillery Battlegroup
Infantry Section
Infantry Section
Grenade Package
Construct Field Infirmary
Infantry Section
Construct Platoon Command Post
Selects Valour
Selects Gurkha Rifles Section
Forward Retreat Point
6-pounder Anti-tank Gun Team
Selects Artillery Saturation
Infantry Section
Darsai
Megaman
Nynx
AZRA
taM
jomsviking
DarkLord
juve1975
0
0
Comments
sign in to comment!
No comments posted yet!